AoeStats
← Yaya Banana

Black Forest

508497978Analyzed
4v4 RM · 10d ago on Sep 22, 2026· 48m 20s· 8 players
Game mode
Random Map
Map size
Large (8 player)
Population
200
Speed
Normal
Resources
Standard
Victory
Conquest
Starting age
Dark Age
Ending age
Imperial Age
RankedLock teamsTeams togetherTeam positionsShared explorationLock speedFull tech treeHidden civsTurbo modeCheats
Victory
Defeat
🇮🇳 Varangians · India
1425
+11
🇨🇳 Persians · China
1292
+17
🇨🇭 Georgians · Switzerland
1284
+17
🇮🇳 Danes · India
1236
+20
🇨🇱 Byzantines · Chile
1332
-17
🇳🇴 Saracens · Norway
1330
-17
🇸🇪 Malay · Sweden
1328
-17
🇸🇪 Franks · Sweden
1259
-14
sir Khalifa1551
0:27 Loom
13:07 Feudal Age
17:17 Castle Age
15:35 Double-Bit Axe
15:33 Horse Collar
18:33 Bow Saw
19:36 Wheelbarrow
23:00 Heavy Plow
24:35 Gold Mining
24:35 Stone Mining
26:07 Hand Cart
30:04 Imperial Age
28:14 Town Watch
29:13 Bloodlines
29:05 Husbandry
29:14 Scale Barding Armor
29:20 Forging
28:52 Light Cavalry
30:40 Chain Barding Armor
31:30 Iron Casting
30:37 Hussar
31:51 Conscription
31:53 Onager
33:21 Plate Barding Armor
34:47 Blast Furnace
35:44 Crop Rotation
37:18 Cavalier
38:27 Aznauri Cavalry
43:31 Capped Ram
47:21 Chemistry
46:51 Siege Ram
john_weak
4:21 Loom
7:32 Loom
11:09 Feudal Age
15:08 Castle Age
13:29 Double-Bit Axe
13:26 Horse Collar
16:21 Bow Saw
18:13 Heavy Plow
25:00 Wheelbarrow
25:41 Wheelbarrow
27:01 Fletching
27:06 Stone Mining
27:06 Gold Mining
27:07 Fishing Lines
31:10 Imperial Age
28:54 Gillnets
29:38 Hand Cart
30:23 Scale Mail Armor
30:34 Forging
30:53 Town Watch
31:27 Chain Mail Armor
30:35 Pikeman
31:15 Squires
31:01 Gambesons
31:02 Arson
32:39 Iron Casting
32:35 Conscription
33:20 Plate Mail Armor
32:40 Halberdier
35:21 Blast Furnace
34:23 Capped Ram
34:47 Elite Jomsviking
36:32 Onager
38:08 Siege Onager
41:43 Siege Engineers
43:56 Chemistry
42:30 Northmen's Fury
47:31 Siege Ram
KillerCaesar
0:46 Loom
12:13 Feudal Age
16:10 Castle Age
14:05 Double-Bit Axe
14:24 Horse Collar
39:27 Wheelbarrow
38:56 Heavy Plow
39:07 Bow Saw
38:44 Town Watch
38:57 Stone Mining
38:57 Gold Mining
40:56 Hand Cart
44:13 Imperial Age
42:19 Light Cavalry
43:10 Bloodlines
43:00 Husbandry
43:17 Scale Barding Armor
43:23 Forging
47:07 Hussar
48:53 Chain Barding Armor
2468899547
4:05 Loom
12:20 Feudal Age
15:59 Castle Age
14:45 Fishing Lines
15:02 Double-Bit Axe
15:43 Horse Collar
17:16 Bow Saw
25:14 Gold Mining
25:15 Stone Mining
25:54 Gillnets
27:28 Wheelbarrow
27:51 Heavy Plow
28:21 Hand Cart
31:19 Imperial Age
28:55 Husbandry
29:07 Bloodlines
29:05 Stone Mining
29:50 Gold Shaft Mining
29:06 Town Watch
29:27 Scale Barding Armor
29:33 Forging
29:59 Forging
30:27 Stone Shaft Mining
30:48 Chain Barding Armor
31:14 Elite War Elephant
32:15 Conscription
32:42 Plate Barding Armor
32:42 Iron Casting
32:57 Devotion
33:55 Caravan
34:25 Coinage
34:40 Town Patrol
35:43 Blast Furnace
37:04 Banking
36:45 Guilds
38:26 Faith
DaniwA
2:57 Loom
11:43 Feudal Age
17:24 Castle Age
15:27 Double-Bit Axe
15:39 Horse Collar
17:05 Scale Barding Armor
22:35 Forging
31:22 Imperial Age
30:38 Wheelbarrow
31:01 Iron Casting
31:10 Capped Ram
33:10 Blast Furnace
32:44 Masonry
33:21 Bow Saw
33:35 Heavy Scorpion
34:35 Husbandry
37:43 Caravan
41:18 Chemistry
40:39 Ballistics
40:40 Elite Battle Elephant
45:22 Siege Engineers
46:44 Bombard Tower
Stockholm
10:57 Feudal Age
15:30 Castle Age
14:37 Double-Bit Axe
15:58 Gold Mining
17:39 Scale Barding Armor
21:46 Coinage
21:42 Chain Barding Armor
21:14 Loom
27:31 Wheelbarrow
27:28 Stone Mining
30:45 Forging
32:10 Hand Cart
35:06 Imperial Age
33:44 Gold Shaft Mining
35:04 Iron Casting
35:55 Husbandry
37:04 Plate Barding Armor
37:29 Blast Furnace
35:54 Cavalier
37:59 Fletching
38:58 Paladin
Yaya Banana
1:22 Loom
14:00 Feudal Age
18:10 Castle Age
17:25 Double-Bit Axe
17:40 Fishing Lines
18:55 Gillnets
19:40 Bow Saw
24:35 Wheelbarrow
26:03 Horse Collar
27:22 Hand Cart
29:00 Gold Mining
29:09 Fletching
32:44 Imperial Age
30:02 Town Watch
30:14 Bodkin Arrow
30:40 Ballistics
30:42 Padded Archer Armor
32:05 Scale Barding Armor
32:15 Leather Archer Armor
32:13 Masonry
32:20 Caravan
32:34 Bloodlines
32:24 Husbandry
32:49 Heavy Camel Rider
33:50 Chain Barding Armor
33:55 Conscription
34:41 Chemistry
33:55 Elite Mameluke
34:38 Bracer
35:39 Plate Barding Armor
37:55 Forging
LeosMind
10:44 Feudal Age
16:34 Castle Age
14:53 Double-Bit Axe
15:36 Fishing Lines
15:44 Horse Collar
18:03 Bow Saw
20:04 Gillnets
24:32 Wheelbarrow
27:06 Hand Cart
27:24 Heavy Plow
27:46 Loom
28:42 Scale Barding Armor
29:09 Stone Mining
29:57 Chain Barding Armor
32:56 Imperial Age
30:23 Treadmill Crane
30:55 Forging
30:46 Devotion
31:33 Gold Mining
32:20 Stone Shaft Mining
33:00 Iron Casting
33:11 Gold Shaft Mining
33:16 Elite Cataphract
34:07 Logistica
34:35 Plate Barding Armor
35:04 Chemistry
34:35 Block Printing
33:51 Capped Ram
35:37 Two-Man Saw
35:16 Conscription
35:26 Husbandry
35:23 Siege Ram
37:10 Pikeman
37:50 Squires
40:12 Illumination
41:20 Scale Mail Armor
41:26 Halberdier
42:36 Chain Mail Armor
43:32 Sanctity
44:16 Plate Mail Armor
44:27 Hoardings
45:49 Ballistics
45:20 Fletching
Connection lost

Rejoining the realm…

Still unreachable

The connection could not be restored.

Session expired

The server has moved on; the page needs a fresh start.